 Dungeon Crawl Stone Soup version 0.29-a0-334-gb41bcbb86e (webtiles) character file.

Game seed: 5467559907345574429

101 Antichthon the Grasshopper (level 4, -9/39 HPs)
             Began as a Naga Warper on Apr 13, 2022.
             Killed from afar by Ijyb (10 damage)
             ... with a puff of flame
             ... on level 3 of the Dungeon.
             The game lasted 00:04:43 (3240 turns).

Antichthon the Grasshopper (Naga Warper)            Turns: 3240, Time: 00:04:43

Health: -9/39      AC:  7    Str: 13    XL:     4   Next: 75%
Magic:  7/7        EV:  9    Int: 13    God:
Gold:   139        SH:  5    Dex: 16    Spells: 2/7 levels left

rFire   . . .      SeeInvis +   a - +1 hand axe
rCold   + . .      Faith    .   (no shield)
rNeg    . . .      Spirit   .   e - +1 ring mail "Puzuupsu" {Fly Dex+3}
rPois   +          Reflect  +   f - +1 helmet
rElec   .          Harm     .   (no cloak)
rCorr   .          Rampage  .   (no gloves)
Will    .....                   (no barding)
Stlth   +.........              k - amulet of reflection
HPRegen 0.13/turn               s - ring of protection from cold
MPRegen 0.10/turn               (no ring)

@: flying, very slow
A: AC +1, large, see invisible, deformed body, poison resistance, slowness 2,
spit poison 1, naga tail 1
a: Spit Poison


You were on level 3 of the Dungeon.
You visited 1 branch of the dungeon, and saw 3 of its levels.

You collected 139 gold pieces.

Inventory:

Hand Weapons
 a - a +1 hand axe (weapon)
Missiles
 d - 7 boomerangs of dispersal (quivered)
Armour
 e - the +1 ring mail "Puzuupsu" (worn) {Fly Dex+3}
   (You found it on level 3 of the Dungeon)

   Dex:       It affects your dexterity (+3).
   Fly:       It grants you flight.
 f - a +1 helmet (worn)
Jewellery
 j - an amulet of guardian spirit
 k - an amulet of reflection (around neck)
 s - a ring of protection from cold (left hand)
Scrolls
 b - a scroll of enchant armour
 c - 2 scrolls of blinking
 h - 3 scrolls of enchant weapon
 i - a scroll of teleportation
 l - a scroll of amnesia
 n - a scroll of fog
 o - a scroll of magic mapping {unknown}
 q - a scroll of brand weapon {unknown}
 r - a scroll of noise {unknown}
 t - a scroll of fear {unknown}
Potions
 g - a potion of flight {unknown}
 m - 3 potions of curing {unknown}
 p - 2 potions of attraction {unknown}
 u - a potion of cancellation {unknown}


   Skills:
 * Level 2.1 Fighting
 * Level 2.5 Axes
 * Level 0.6(0.9) Slings
 - Level 0.8(1.0) Throwing
 * Level 1.1 Armour
 * Level 2.0 Dodging
 * Level 1.5 Stealth
 * Level 0.5 Shields
 * Level 2.2 Spellcasting
 * Level 3.3 Translocations
 * Level 0.7 Transmutations
 * Level 0.7 Earth Magic
 * Level 0.9 Invocations


You had 2 spell levels left.
You knew the following spells:

 Your Spells              Type           Power      Damage    Failure   Level
a - Blink                 Tloc           20%        N/A       21%         2
b - Teleport Other        Tloc           10%        N/A       38%         3

Your spell library contained the following spells:

 Spells                   Type           Power      Damage    Failure   Level
 Gell's Gravitas          Tloc           10%        N/A       38%         3
 Lesser Beckoning         Tloc           10%        N/A       38%         3
 Manifold Assault         Tloc           10%        N/A       98%         5


Dungeon Overview and Level Annotations

Branches:
Dungeon (3/15)

Altars:
Elyvilon

Shops:
D:1 *

Annotations:
D:3 Ijyb


Innate Abilities, Weirdness & Mutations

Your serpentine skin is tough. (AC +1)
You have supernaturally acute eyesight. (SInv)
Armour fits poorly on your strangely shaped body.
Your system is resistant to poisons. (rPois)
You cover ground very slowly.
You can spit poison.
You have a snake-like lower body.


Message History

You hit the orc wizard but do no damage.
Ijyb closely misses you.
You hit Ijyb but do no damage.
Ijyb is moderately wounded.
You barely miss the orc. Ijyb hits you with a +0 dagger.
You hit Ijyb.
Ijyb is heavily wounded.
You barely miss the orc. The orc closely misses you. You block Ijyb's attack.
You closely miss Ijyb.
Ijyb is heavily wounded.
You closely miss the orc. The orc hits you with a +0 short sword.
The orc priest miscasts a cantrip.
Ijyb barely misses you.
You barely miss Ijyb.
Ijyb is heavily wounded.
You hit the orc. The orc barely misses you. Ijyb hits you with a +0 dagger.
You hit Ijyb.
Ijyb is heavily wounded.
You hit the orc but do no damage. You block Ijyb's attack.
The orc priest looks encouraged for a moment.
The orc barely misses you. You block Ijyb's attack.
You completely miss Ijyb.
Ijyb is heavily wounded.
You hit the orc but do no damage. Ijyb closely misses you.
You hit Ijyb.
Ijyb is heavily wounded.
You hit the orc. You block the orc's attack.
The orc priest looks satisfied for a moment.
You block Ijyb's attack.
You hit Ijyb.
Ijyb is severely wounded.
You barely miss the orc. Ijyb hits you with a +0 dagger.
The orc priest calls down the wrath of Beogh upon you.
Beogh smites you!
* * * LOW HITPOINT WARNING * * *
You hit Ijyb but do no damage.
Ijyb is severely wounded.
You barely miss the orc. The orc hits you but does no damage.
Ijyb zaps a wand.
The puff of flame hits you!
You die...

####################
....................
############..#####
#### #.....# ...#
##.##@# ##.# #.##go#
##.# #...ooo. ##.#
#####b### ##.#######
.# ##.#.....# .#
.........# ..
.........# .#
#........#


You could see Ijyb, an orc priest, 2 orc wizards, an orc and a bat.

Vanquished Creatures
  4 adders (D:2)
  5 dart slugs
  2 orcs (D:3)
  3 bats
  7 endoplasms
  3 giant cockroaches
  A goblin (D:3)
  6 hobgoblins
  4 jackals (D:3)
  3 kobolds
  5 ball pythons
  3 frilled lizards
  5 rats
51 creatures vanquished.

Notes
Turn   | Place    | Note
-------+----------+-------------------------------------------
     0 | D:1      | Antichthon the Naga Warper began the quest for the Orb.
     0 | D:1      | Reached XP level 1. HP: 19/19 MP: 3/3
   367 | D:1      | Reached XP level 2. HP: 16/26 MP: 5/5
   599 | D:1      | Found Bicogytwa's Assorted Antiques.
   617 | D:1      | You fall into a shaft and drop 1 floor!
   868 | D:1      | Reached skill level 1 in Armour
  1059 | D:1      | Reached XP level 3. HP: 29/32 MP: 6/6
  1062 | D:1      | Learned a level 2 spell: Blink
  1066 | D:1      | Learned a level 3 spell: Teleport Other
  2083 | D:2      | Reached skill level 1 in Stealth
  2083 | D:2      | Reached XP level 4. HP: 27/39 MP: 7/7
  2430 | D:2      | Identified the +8 whip "Ituphoem" {freeze, *Corrode rN+
                  | Int+2}
  2586 | D:3      | Found a white marble altar of Elyvilon.
  2807 | D:3      | Identified the +1 ring mail "Puzuupsu" {Fly Dex+3}
  3221 | D:3      | Noticed Ijyb
  3239 | D:3      | HP: 1/39 [orc priest/divine providence (11)]
  3240 | D:3      | Killed from afar by Ijyb

Illustrated notes

Levels and vault maps discovered:
D:1:      dpeg_arrival_radiant, layout_basic, serial_shops, shop_statue,
          minmay_strange_pillars, lemuel_another_geyser
D:2:      layout_basic
D:3:      layout_loops_cross, elyvilon_altar_5,
          hellmonk_ecumenical_altar_pennies_from_heaven,
          hangedman_decor_growths, st_stairs_9, uniq_ijyb

Skill      XL: |  1  2  3  4 |
---------------+-------------+-----
Armour         | 1 |  1.1
Stealth        | 1 |  1.5
Dodging        | 2 |  2.0
Fighting       | |  2.1
Axes           | |  2.5
Slings         | |  0.6
Throwing       | |  0.8
Shields        | |  0.5
Spellcasting   | |  2.2
Translocations | |  3.3
Transmutations | |  0.7
Earth Magic    | |  0.7
Invocations    | |  0.9

Action                   |  1- 3 |  4- 6 || total
-------------------------+-------+-------++-------
Melee: Hand axe          |   105 |    87 ||   192
       Punch             |     2 |       ||     2
 Abil: Spit Poison       |     5 |     5 ||    10
  Use: Scroll            |     1 |     4 ||     5
 Stab: Sleeping          |     1 |       ||     1
Armor: Robe              |    26 |    28 ||    54
       Ring mail         |       |    23 ||    23
Dodge: Dodged            |    64 |    58 ||   122
Block: Other             |       |     7 ||     7

Table legend: (Time is in decaauts)
 A = Elapsed time spent in this place.
 B = Non-inter-level travel time spent in this place.
 C = Inter-level travel time spent in this place.
 D = Time resting spent in this place.
 E = Time spent auto-exploring this place.
 F = Levels seen in this place.
 G = Mean time per level.
                   A        B        C        D        E       F      G
               +--------+--------+--------+--------+--------+-----+--------+
         Total |   3977 |   3923 |     54 |      0 |   3278 |   3 | 1325.7 |
       Dungeon |   3977 |   3923 |     54 |      0 |   3278 |   3 | 1325.7 |
               +--------+--------+--------+--------+--------+-----+--------+

Top non-repeatable levels by time:
     D:1: 1925 daAuts
     D:2: 1240 daAuts
     D:3: 811 daAuts
